 Dungeon Sprint DCSS version 0.21.1-1-g345015f (webtiles) character file.

573 VLARC the Blocker (level 7, 0/64 HPs)
             Began as a Formicid Fighter on Mar 4, 2018.
             Was a Follower of Qazlal.
             Slain by a phantom (4 damage)
             ... in the Dungeon (Sprint IX: "|||||||||||||||||||||||||||||").
             The game lasted 00:01:55 (359 turns).

VLARC the Blocker (Formicid Fighter)                 Turns: 359, Time: 00:01:56

Health: 0/64       AC: 13    Str: 22    XL:     7   Next: 61%
Magic:  3/7        EV:  8    Int: 11    God:    Qazlal [*.....]
Gold:   0          SH: 14    Dex: 13    Spells: 6/6 levels left

rFire    . . .     SeeInvis +   p - +2 scimitar (holy)
rCold    . . .     Gourm    .   c - +0 shield
rNeg     . . .     Faith    .   r - +1 chain mail
rPois    .         Spirit   .   (helmet unavailable)
rElec    .         Reflect  .   (no cloak)
rCorr    .         Harm     .   q - +0 pair of gloves
MR       .....                  (no boots)
Stlth    ..........             (no amulet)
HPRegen  0.20/turn              s - +3 ring of intelligence
MPRegen  0.10/turn              t - +3 ring of dexterity

@: no status effects
A: permanent stasis, dig shafts and tunnels, four strong arms, antennae 3
a: Dig, Renounce Religion


You were in the Dungeon.
You worshipped Qazlal.
Qazlal was aware of your devotion.
You were not hungry.

You visited 1 branch

Inventory:

Hand Weapons
 a - a +0 long sword
 p - a +2 scimitar of holy wrath (weapon)
Armour
 b - a +0 scale mail
 c - a +0 shield (worn)
 q - a +0 pair of gloves (worn)
 r - a +1 chain mail (worn)
Jewellery
 s - a +3 ring of intelligence (left hand)
 t - a +3 ring of dexterity (right hand)
Wands
 o - a wand of acid (10)
Scrolls
 k - 2 scrolls of blinking
 m - 3 scrolls of remove curse
 n - 2 scrolls of amnesia
Potions
 d - a potion of might
 e - 5 potions of curing
 h - a potion of haste
 i - 4 potions of magic
 j - a potion of berserk rage
Comestibles
 f - a ration


   Skills:
 + Level 9.1 Fighting
 + Level 8.0 Long Blades
 - Level 9.1 Armour
 - Level 9.9 Shields
 + Level 0.0 Invocations


You had 6 spell levels left.
You didn't know any spells.

Dungeon Overview and Level Annotations

Branches:
Dungeon (1/1)

Altars:
Cheibriados
Dithmenos
Elyvilon
Fedhas
Gozag
Hepliaklqana
Kikubaaqudgha
Makhleb
Nemelex Xobeh
Okawaru
Qazlal
Ru
Sif Muna
Trog
Uskayaw
Vehumet
Wu Jian
Xom
Yredelemnul
Zin
The Shining One
Beogh
Jiyva
Lugonu


Innate Abilities, Weirdness & Mutations

You cannot be hasted, slowed, berserked, paralysed or teleported.
You can dig through walls and to a lower floor.
Your four strong arms can wield two-handed weapons with a shield.
You have a pair of large antennae on your head. (SInv)


Message History

The two-headed ogre hits you with a giant club!
* * * LOW HITPOINT WARNING * * *
Unknown command.
Aiming: Upheaval
Press: ? - help, Dir - move target cursor, f - phantom
Aim: a phantom A storm cloud blasts the area with cutting wind!
The cutting wind hits the phantom.
The phantom gets badly buffeted.
The phantom is heavily damaged.
You can no longer call upon nature to destroy your foes.
You block the two-headed ogre's attack. x2; The phantom blinks!
You block the phantom's attack.
You hit the two-headed ogre.
The two-headed ogre is moderately wounded.
The sky beast flickers out of sight for a moment.
You block the two-headed ogre's attack.
The two-headed ogre hits you with a giant club.
* * * LOW HITPOINT WARNING * * *
The phantom hits you.
You die...

▓.▓
▓Y▓
▓.▓
▓e▓
▓Z▓
▓.▓
▓H▓
▓O▓
▓@▓
▓W▓
▓.▓
▓.▓
▓)▓
▓)▓
▓.▓
{
▓.▓
{
▓.▓


You could see a two-headed ogre, a hippogriff, a deep elf mage, a phantom, a sky
beast (invisible) and a jackal zombie.

Vanquished Creatures
  A hippogriff (D)
  An orc warrior (D)
  An ogre (D)
  A big kobold (D)
  A bullfrog (D)
  A killer bee (D)
  A jelly (D)
  An adder zombie (D)
  An adder skeleton (D)
  3 bats (D)
  2 giant cockroaches (D)
  2 rats (D)
16 creatures vanquished.

Notes
Turn   | Place    | Note
-------+----------+-------------------------------------------
     0 | D        | VLARC the Formicid Fighter began the quest for the Orb.
     0 | D        | Reached XP level 1. HP: 18/18 MP: 1/1
    21 | D        | Noticed a jelly
    21 | D        | Noticed an ogre
    27 | D        | Killed an ogre
    27 | D        | Reached skill level 5 in Fighting
    27 | D        | Reached skill level 5 in Armour
    27 | D        | Reached XP level 2. HP: 2/28 MP: 2/2
    27 | D        | Reached XP level 3. HP: 3/34 MP: 3/3
    27 | D        | Reached XP level 4. HP: 3/40 MP: 4/4
    35 | D        | Reached skill level 5 in Long Blades
    35 | D        | Reached XP level 5. HP: 26/46 MP: 5/5
    49 | D        | Found a roughly hewn altar of Beogh.
    49 | D        | Found a snail-covered altar of Cheibriados.
    49 | D        | Found a shadowy altar of Dithmenos.
    49 | D        | Found a white marble altar of Elyvilon.
    49 | D        | Found a blossoming altar of Fedhas.
    49 | D        | Found an opulent altar of Gozag.
    50 | D        | Found a hazy altar of Hepliaklqana.
    51 | D        | Found a viscous altar of Jiyva.
    52 | D        | Found an ancient bone altar of Kikubaaqudgha.
    53 | D        | Found a corrupted altar of Lugonu.
    54 | D        | Found a burning altar of Makhleb.
    55 | D        | Found a sparkling altar of Nemelex Xobeh.
    56 | D        | Found an iron altar of Okawaru.
    57 | D        | Found a stormy altar of Qazlal.
    58 | D        | Found a sacrificial altar of Ru.
    59 | D        | Found a deep blue altar of Sif Muna.
    60 | D        | Found a bloodstained altar of Trog.
    61 | D        | Found a hide-covered altar of Uskayaw.
    62 | D        | Found a radiant altar of Vehumet.
    63 | D        | Found an ornate altar of the Wu Jian Council.
    64 | D        | Found a shimmering altar of Xom.
    65 | D        | Became a worshipper of Qazlal Stormbringer
    66 | D        | Found a basalt altar of Yredelemnul.
    67 | D        | Found a glowing silver altar of Zin.
    68 | D        | Found a glowing golden altar of the Shining One.
   112 | D        | Noticed a big kobold
   112 | D        | Noticed a hippogriff
   112 | D        | Noticed a bullfrog
   112 | D        | Noticed an orc warrior
   135 | D        | Killed an orc warrior
   135 | D        | Reached XP level 6. HP: 25/55 MP: 6/6
   136 | D        | Reached * piety under Qazlal
   150 | D        | Killed a hippogriff
   150 | D        | Reached XP level 7. HP: 26/63 MP: 7/7
   174 | D        | Reached ** piety under Qazlal
   353 | D        | Noticed a deep elf mage
   353 | D        | Noticed a hippogriff
   353 | D        | Noticed a two-headed ogre
   359 | D        | Slain by a phantom

Skill      XL: |  1  2  3  4  5  6  7 |
---------------+----------------------+-----
Shields        | 6 8 9 |  9.9
Fighting       | 5 6 7 8 9 |  9.1
Long Blades    | 4 5 6 7 8 |  8.0
Armour         | 5 6 7 8 9 |  9.1

Action                   |  1- 3 |  4- 6 |  7- 9 || total
-------------------------+-------+-------+-------++-------
Melee: Long sword        |    17 |    48 |    24 ||    89
       Scimitar          |       |       |     4 ||     4
Invok: Upheaval          |       |       |     1 ||     1
  Use: Potion            |       |     4 |       ||     4
 Stab: Invisible         |       |     2 |     3 ||     5
Armor: Scale mail        |     6 |     1 |       ||     7
       Chain mail        |       |    14 |     6 ||    20
Dodge: Dodged            |     8 |    18 |     6 ||    32
Block: Shield            |     6 |    32 |    21 ||    59
       Rpst.: Long sword |     1 |     3 |     1 ||     5
